[Event "Bicaz City Cup 2020"]
[Site "Bicaz"]
[Date "2020.03.05"]
[Round "1.19"]
[White "Cimpoiasu, Dan"]
[Black "Guzun, Lavinia"]
[Result "1-0"]
[ECO "D11"]
[WhiteElo "1884"]
[BlackElo "1328"]
[Annotator "NA RC"]
[PlyCount "87"]
[EventDate "2020.03.05"]
[EventType "swiss"]
[EventCountry "ROU"]
[SourceTitle "playchess.com"]
[Source "ChessBase"]
[SourceQuality "1"]
[TimeControl "5400+30"]

1. d4 d5 2. c4 c6 3. Nf3 Nf6 4. Qc2 e6 5. Bg5 Nbd7 6. Nbd2 Be7 7. e3 a6 8. Bd3 h6 9. Bh4 O-O 10. O-O b5 11. b3 Bb7 12. e4 dxe4 13. Nxe4 Nxe4 14. Bxe7 Qxe7 15. Bxe4 Nf6 16. c5 Nxe4 17. Qxe4 Rfd8 18. b4 a5 19. a3 a4 20. Ne5 Rd5 21. Rad1 Rad8 22. h4 Qf6 23. Rd3 Qf5 24. Qxf5 exf5 25. Rfd1 f6 26. Ng6 Kf7 27. Nf4 R5d7 28. h5 Ba8 29. Kf1 Re7 30. f3 Bb7 31. Kf2 Bc8 32. d5 cxd5 33. Rxd5 Rxd5 34. Rxd5 Re5 35. Rd8 Re8 36. Rd6 Re7 37. Ne2 Re6 38. Rxe6 Bxe6 39. Nd4 Bd7 40. Ke3 g6 41. hxg6+ Kxg6 42. Kf4 h5 43. g3 Be8 44. c6 1-0

[Event "Bicaz City Cup 2020"]
[Site "Bicaz"]
[Date "2020.03.05"]
[Round "1.20"]
[White "Barila, Cristian-Dorin"]
[Black "Ienasoaie, Rafael"]
[Result "0-1"]
[ECO "E20"]
[WhiteElo "1297"]
[BlackElo "1883"]
[Annotator "NA RC"]
[PlyCount "70"]
[EventDate "2020.03.05"]
[EventType "swiss"]
[EventCountry "ROU"]
[SourceTitle "playchess.com"]
[Source "ChessBase"]
[SourceQuality "1"]
[TimeControl "5400+30"]

1. d4 Nf6 2. c4 e6 3. Nc3 Bb4 4. Bd2 b6 5. a3 Bxc3 6. Bxc3 Bb7 7. Nf3 O-O 8. e3 c5 9. Be2 d5 10. b3 Nbd7 11. O-O Qe7 12. Qc2 Ne4 13. Bb2 f5 14. Nd2 cxd4 15. exd4 Rac8 16. f3 Nd6 17. Rac1 f4 18. Bd3 Nf5 19. Bxf5 Rxf5 20. Rfe1 Qf7 21. Re2 h5 22. Kf2 h4 23. Rg1 a5 24. Qd3 Ba6 25. Rc1 Re8 26. Nb1 Nf6 27. Nc3 g5 28. Na4 Qd7 29. Nxb6 Qc6 30. Na4 dxc4 31. bxc4 Qxa4 32. Rxe6 Rxe6 33. Qxf5 Qe8 34. Qd3 Re3 35. Qg6+ Qxg6 0-1

[Event "Bicaz City Cup 2020"]
[Site "Bicaz"]
[Date "2020.03.06"]
[Round "2.18"]
[White "Sandulescu, Gheorghe"]
[Black "Cimpoiasu, Dan"]
[Result "0-1"]
[ECO "A50"]
[WhiteElo "1632"]
[BlackElo "1884"]
[Annotator "NA RC"]
[PlyCount "46"]
[EventDate "2020.03.05"]
[EventType "swiss"]
[EventCountry "ROU"]
[SourceTitle "playchess.com"]
[Source "ChessBase"]
[SourceQuality "1"]
[TimeControl "5400+30"]

1. d4 Nf6 2. c4 g6 3. h4 Bg7 4. Nc3 d5 5. cxd5 Nxd5 6. e4 {[%emt 0:00:45] E60: King's Indian: Unusual lines and Fianchetto Variation without Nc3.} Nb6 7. Be3 Nc6 8. Nf3 Bg4 {[%emt 0:01:21] [#]} 9. Bb5 $146 ({Predecessor:} 9. d5 Ne5 10. Be2 O-O 11. Nxe5 Bxe2 12. Nxf7 Bxd1 13. Nxd8 Bg4 14. Ne6 Bxe6 15. dxe6 {½-½ (67) Giri,A (2782)-Vachier Lagrave,M (2789) Leuven 2016}) 9... O-O 10. Bxc6 bxc6 11. Qd3 c5 12. Ne2 cxd4 13. Bf4 c5 14. Nd2 $2 (14. b3) 14... c4 (14... e5 $142 15. Bg3 {[#]} c4 $1 ) 15. Qa3 Bxe2 16. Kxe2 c3 17. bxc3 dxc3 18. Nf3 Qd7 19. Qb3 Qc6 20. Rac1 Qxe4+ 21. Be3 Nd5 22. Qc2 Nf4+ {[%emt 0:04:16] Double Attack} 23. Kf1 Qc4+ $19 0-1

[Event "Bicaz City Cup 2020"]
[Site "Bicaz"]
[Date "2020.03.06"]
[Round "2.19"]
[White "Ienasoaie, Rafael"]
[Black "Turcan, Gheorghe"]
[Result "1-0"]
[ECO "C01"]
[WhiteElo "1883"]
[BlackElo "1535"]
[Annotator "NA RC"]
[PlyCount "123"]
[EventDate "2020.03.05"]
[EventType "swiss"]
[EventCountry "ROU"]
[SourceTitle "playchess.com"]
[Source "ChessBase"]
[SourceQuality "1"]
[TimeControl "5400+30"]

1. e4 e6 2. d4 d5 3. exd5 exd5 4. Bd3 Bd6 5. Nf3 Ne7 6. O-O Bf5 7. Bxf5 Nxf5 8. Qe2+ {[%emt 0:00:29] C01: French: Exchange Variation.} Ne7 9. Qb5+ Nd7 10. Qxb7 O-O {[%emt 0:02:46] [#]} 11. Qa6 $146 ({Predecessor:} 11. Qb3 c5 12. c3 c4 13. Qc2 Qc7 14. Re1 Ng6 15. b3 Rfe8 16. Be3 cxb3 17. axb3 {1-0 (40) Kirchner,T (2270)-Noble,A Schwanstetten 1994}) 11... Ng6 12. Be3 Qf6 13. Qd3 h6 14. Nc3 c6 15. Ne2 Nh4 16. Nxh4 Qxh4 17. g3 Qh3 18. Nf4 Bxf4 19. Bxf4 Nf6 20. f3 Nh5 21. Qd2 Rfe8 22. Rae1 Qf5 23. Be5 f6 24. g4 Qg6 25. Bg3 Nxg3 26. hxg3 h5 27. gxh5 Qxg3+ 28. Qg2 Qh4 29. Qg4 Qxe1 30. Rxe1 Rxe1+ 31. Kf2 Rae8 32. Qd7 R8e2+ 33. Kg3 Rg1+ 34. Kf4 Rh1 35. Qxc6 Rxh5 36. c4 g5+ $2 (36... g6 $11 {and Black has nothing to worry.}) 37. Kf5 g4+ {[%emt 0:04:32] [#]} 38. Kg6 $1 Rg5+ 39. Kxf6 Rg7 40. Qxd5+ Kh7 41. Qh5+ Kg8 42. fxg4 Rf2+ $2 (42... Ree7 $1 $11 {and Black stays safe.}) 43. Ke6 Re2+ 44. Kd6 Rxb2 45. c5 Rb4 46. d5 Rbxg4 47. Qe8+ Kh7 48. c6 Rc4 49. Qd8 Rg6+ 50. Kc7 Rg7+ 51. Kd6 Rg6+ 52. Ke5 Rg7 53. Qe8 Rc2 54. Qh5+ Kg8 55. a4 a5 56. Kd4 Rgg2 57. Qe8+ Kg7 58. Qd7+ Kf6 59. Qd8+ Kf5 60. Qf8+ Kg6 {[%emt 0:00:42] [#]} 61. c7 $1 Rgd2+ 62. Ke5 1-0

[Event "Bicaz City Cup 2020"]
[Site "Bicaz"]
[Date "2020.03.06"]
[Round "2.20"]
[White "Tablan, Matei-Christian"]
[Black "Turcu, Vasile-Emanoil"]
[Result "1-0"]
[ECO "C42"]
[WhiteElo "1858"]
[BlackElo "1504"]
[Annotator "NA RC"]
[PlyCount "48"]
[EventDate "2020.03.05"]
[EventType "swiss"]
[EventCountry "ROU"]
[SourceTitle "playchess.com"]
[Source "ChessBase"]
[SourceQuality "1"]
[TimeControl "5400+30"]

1. e4 e5 2. Nf3 Nf6 3. Nxe5 d6 4. Nf3 Nxe4 5. Nc3 Nxc3 6. dxc3 Be7 7. Be3 Nd7 8. Bd3 {[%emt 0:24:32] C42: Petroff Defence: 3 Nxe5 and unusual White 3rd moves.} Nf6 {[%emt 0:03:27] h} 9. h3 {[%emt 0:02:27] [#]} Bd7 $146 ({Predecessor:} 9... O-O 10. Qd2 Be6 11. c4 d5 12. Ng5 h6 13. Nxe6 fxe6 14. O-O-O c5 15. Kb1 d4 {1-0 (31) Chauca,J (2065)-Baptista,A (1910) Rio de Janeiro 2018}) 10. Qd2 c6 11. O-O-O Qc7 12. Rde1 O-O 13. c4 Rae8 14. Bf4 c5 $2 {[%emt 0:03:58] [#]} (14... Be6 $1 $14) 15. Rxe7 $1 {[%emt 0:00:50] Remove Defender} Rxe7 {[%emt 0:01:11] [#]} 16. Bxd6 $1 {[%emt 0:00:06] Double Attack} Qxd6 $2 {[%emt 0:05:04] [#]} (16... Qd8 {was necessary.} 17. Bxc5 g6 18. Bxe7 Qxe7) 17. Bxh7+ $1 {[%emt 0:00:07] Discovered Attack} Kxh7 18. Qxd6 Rfe8 19. Rd1 b6 20. b3 Re2 21. Qf4 Kg8 22. Rd6 R8e6 $2 (22... Rxf2 23. Rd2 Rxd2 24. Kxd2 Rc8) 23. Rxe6 Bxe6 24. Ng5 Bd7 $18 1-0

[Event "Bicaz City Cup 2020"]
[Site "Bicaz"]
[Date "2020.03.06"]
[Round "3.7"]
[White "Dobre, Claudiu-Cristian"]
[Black "Dumitru, Luca-Serban"]
[Result "1-0"]
[ECO "A09"]
[WhiteElo "2312"]
[BlackElo "1788"]
[Annotator "ChessBase"]
[PlyCount "53"]
[EventDate "2020.03.05"]
[EventType "swiss"]
[EventCountry "ROU"]
[SourceTitle "playchess.com"]
[Source "ChessBase"]
[SourceQuality "1"]
[TimeControl "5400+30"]

1. Nf3 d5 2. c4 d4 3. b4 g6 4. g3 Bg7 5. d3 Bg4 6. Bg2 Qc8 7. Bb2 e5 8. Nbd2 Bh3 9. O-O Bxg2 10. Kxg2 Ne7 11. e3 dxe3 12. fxe3 Nf5 13. Qe2 Nd7 14. d4 Bh6 15. dxe5 Nxe3+ 16. Kh1 O-O 17. Rf2 Ng4 18. Rff1 Re8 19. Ne4 Bg7 20. e6 Rxe6 21. Bxg7 Kxg7 22. Nd4 Re5 23. Qxg4 f5 24. Rxf5 h5 25. Qg5 Rxe4 26. Raf1 Rg4 27. Rf7+ 1-0

[Event "Bicaz City Cup 2020"]
[Site "Bicaz"]
[Date "2020.03.06"]
[Round "3.9"]
[White "Mazilu, Stefan-Fabian"]
[Black "Filip, Andrei"]
[Result "1/2-1/2"]
[ECO "E01"]
[WhiteElo "1772"]
[BlackElo "2103"]
[Annotator "ChessBase"]
[PlyCount "52"]
[EventDate "2020.03.05"]
[EventType "swiss"]
[EventCountry "ROU"]
[SourceTitle "playchess.com"]
[Source "ChessBase"]
[SourceQuality "1"]
[TimeControl "5400+30"]

1. d4 Nf6 2. c4 e6 3. g3 d5 4. Bg2 Bb4+ 5. Bd2 Be7 6. Bc3 c6 7. Nf3 O-O 8. O-O b6 9. Nbd2 Bb7 10. Qc2 Nbd7 11. e4 c5 12. exd5 exd5 13. Ne5 cxd4 14. Bxd4 Qc7 15. Rfe1 dxc4 16. Qxc4 Nc5 17. b4 Bxg2 18. bxc5 bxc5 19. Kxg2 Qb7+ 20. Ndf3 cxd4 21. Qxd4 Rad8 22. Qc4 Rc8 23. Qb3 Qc7 24. Rac1 Qxc1 25. Rxc1 Rxc1 26. Ng5 Rc5 1/2-1/2

[Event "Bicaz City Cup 2020"]
[Site "Bicaz"]
[Date "2020.03.06"]
[Round "3.10"]
[White "Visoescu, Alexandru-Bogdan"]
[Black "Arghirescu, Andrei"]
[Result "1/2-1/2"]
[ECO "A04"]
[WhiteElo "1756"]
[BlackElo "2015"]
[Annotator "ChessBase"]
[PlyCount "246"]
[EventDate "2020.03.05"]
[EventType "swiss"]
[EventCountry "ROU"]
[SourceTitle "playchess.com"]
[Source "ChessBase"]
[SourceQuality "1"]
[TimeControl "5400+30"]

1. Nf3 b6 2. g3 Bb7 3. Bg2 Nf6 4. c4 g6 5. O-O Bg7 6. d4 O-O 7. Nc3 d6 8. Qc2 Nbd7 9. Rd1 c5 10. b3 cxd4 11. Nxd4 Bxg2 12. Kxg2 Rc8 13. Nf3 Qc7 14. Bb2 Qb7 15. Kg1 Rfd8 16. Rac1 Nf8 17. e4 Nxe4 18. Nd5 Nf6 19. Bxf6 exf6 20. Qe4 Rd7 21. Nd4 a6 22. Qh4 Re8 23. Nxf6+ Bxf6 24. Qxf6 Qe4 25. Nc2 Qe5 26. Qf3 Qe4 27. Qxe4 Rxe4 28. Rd2 f5 29. Rcd1 Re6 30. Nb4 a5 31. Nd5 Rb7 32. Nf4 Re4 33. Rxd6 b5 34. c5 Kf7 35. f3 Re8 36. c6 Rc7 37. R1d5 Rb8 38. Nd3 Rb6 39. Ne5+ Ke7 40. Rd8 Rbxc6 41. Nxc6+ Rxc6 42. Rd2 a4 43. Rb8 axb3 44. axb3 Rc3 45. Rxb5 Rxf3 46. Rb7+ Kf6 47. Kg2 Rc3 48. b4 h5 49. Re2 g5 50. Rb5 f4 51. gxf4 gxf4 52. Rf2 Rc4 53. Ra2 Ne6 54. Ra6 Rc2+ 55. Kf3 Rxh2 56. Rbb6 Rh3+ 57. Ke4 Re3+ 58. Kd5 Re5+ 59. Kc4 f3 60. Ra1 f2 61. Rf1 Rf5 62. Kd3 Ke7 63. Ke3 Nc7 64. Rb7 Kd6 65. Rxf2 Nd5+ 66. Ke2 Re5+ 67. Kd3 Kc6 68. Rb8 Kc7 69. Rff8 Nb6 70. Rbe8 Rd5+ 71. Kc3 Na4+ 72. Kb3 Nb6 73. Rf7+ Nd7 74. Rh8 Kc6 75. Rfh7 Rd3+ 76. Kc2 Rd4 77. Kc3 Rg4 78. Rxh5 Rg3+ 79. Kb2 Rg2+ 80. Ka3 Rg3+ 81. Kb2 Rg2+ 82. Kc3 Rg3+ 83. Kd2 Rg2+ 84. Ke3 Rg3+ 85. Kf2 Rb3 86. R8h6+ Kc7 87. b5 Kc8 88. Ke2 Kb7 89. Rh7 Kc8 90. Rg5 Rb2+ 91. Kd3 Rb3+ 92. Kc4 Rb1 93. Rg8+ Kc7 94. Rgg7 Rc1+ 95. Kb3 Rd1 96. Rh6 Rb1+ 97. Kc4 Rc1+ 98. Kd4 Rd1+ 99. Ke4 Re1+ 100. Kf5 Re5+ 101. Kf4 Rxb5 102. Ra6 Rb4+ 103. Kf5 Rb5+ 104. Ke6 Re5+ 105. Kf7 Kb7 106. Re6 Rc5 107. Ke8 Rc8+ 108. Ke7 Nb6 109. Kf6+ Rc7 110. Rxc7+ Kxc7 111. Ke5 Nd7+ 112. Kd5 Nb6+ 113. Kc5 Nd7+ 114. Kb5 Kb7 115. Rh6 Kc7 116. Rc6+ Kb7 117. Ra6 Kc7 118. Kc4 Kb7 119. Rh6 Kc7 120. Kd5 Nb6+ 121. Kc5 Nd7+ 122. Kb5 Kb7 123. Rc6 Nb8 1/2-1/2

[Event "Bicaz City Cup 2020"]
[Site "Bicaz"]
[Date "2020.03.06"]
[Round "3.11"]
[White "Lupu, Ovidiu-Jean"]
[Black "Maria, Lia-Alexandra"]
[Result "0-1"]
[ECO "D00"]
[WhiteElo "2129"]
[BlackElo "1547"]
[Annotator "ChessBase"]
[PlyCount "56"]
[EventDate "2020.03.05"]
[EventType "swiss"]
[EventCountry "ROU"]
[SourceTitle "playchess.com"]
[Source "ChessBase"]
[SourceQuality "1"]
[TimeControl "5400+30"]

1. d4 d5 2. Nc3 Nf6 3. Bf4 c6 4. e3 Bf5 5. f3 b5 6. g4 Bg6 7. h4 h5 8. g5 Nfd7 9. Bd3 Bxd3 10. Qxd3 Nb6 11. g6 f6 12. O-O-O Nc4 13. e4 Qa5 14. Kb1 Qb4 15. Bc1 e6 16. exd5 cxd5 17. Qe2 Be7 18. Rh2 Qd6 19. Nxb5 Qb6 20. Nh3 Qxb5 21. Qxe6 Nc6 22. Nf4 Rd8 23. Re2 a5 24. Qf7+ Kd7 25. Nxd5 Na3+ 26. Ka1 Qxe2 27. Nc3 Qxc2 28. d5 Qb1+ {[%emt 0:00:19] Qe6+} 0-1

[Event "Bicaz City Cup 2020"]
[Site "Bicaz"]
[Date "2020.03.06"]
[Round "3.13"]
[White "Andronescu, Madalin"]
[Black "Pirvan, Maria"]
[Result "1-0"]
[ECO "B33"]
[WhiteElo "2148"]
[BlackElo "1532"]
[Annotator "ChessBase"]
[PlyCount "77"]
[EventDate "2020.03.05"]
[EventType "swiss"]
[EventCountry "ROU"]
[SourceTitle "playchess.com"]
[Source "ChessBase"]
[SourceQuality "1"]
[TimeControl "5400+30"]

1. e4 c5 2. Nf3 Nc6 3. d4 cxd4 4. Nxd4 Nf6 5. Nc3 e5 6. Ndb5 d6 7. Bg5 a6 8. Na3 b5 9. Bxf6 gxf6 10. Nd5 Bg7 11. Bd3 Ne7 12. Nxe7 Qxe7 13. c4 f5 14. cxb5 d5 15. bxa6 Qb4+ 16. Qd2 Qxd2+ 17. Kxd2 fxe4 18. Bb5+ Bd7 19. Ke2 Bf8 20. Bxd7+ Kxd7 21. Nb5 Rxa6 22. Nc3 Ke6 23. Rhd1 Rd6 24. a4 Bh6 25. b4 Rc8 26. Ra3 f5 27. a5 d4 28. Na4 Rc2+ 29. Ke1 d3 30. a6 Rd8 31. a7 Rg8 32. Nc5+ Kf6 33. a8=Q Rxg2 34. Ra6+ Kf7 35. Qd5+ Kg7 36. Qxe5+ Kg8 37. Qe6+ Kg7 38. Qf6+ Kg8 39. Ra8+ 1-0

[Event "Bicaz City Cup 2020"]
[Site "Bicaz"]
[Date "2020.03.06"]
[Round "3.14"]
[White "Vilcu, Matei-Stefan"]
[Black "Costiuc, Ioan"]
[Result "1-0"]
[ECO "C00"]
[WhiteElo "2037"]
[BlackElo "1561"]
[Annotator "ChessBase"]
[PlyCount "67"]
[EventDate "2020.03.05"]
[EventType "swiss"]
[EventCountry "ROU"]
[SourceTitle "playchess.com"]
[Source "ChessBase"]
[SourceQuality "1"]
[TimeControl "5400+30"]

1. e4 e6 2. d3 Nf6 3. Nd2 d5 4. g3 dxe4 5. dxe4 Bc5 6. Bg2 c6 7. Ngf3 O-O 8. O-O Re8 9. e5 Nd5 10. Ne4 Bb6 11. c4 Ne7 12. Nd6 Rf8 13. Bg5 h6 14. Nxc8 Qxd1 15. Nxe7+ Kh8 16. Raxd1 hxg5 17. Nxg5 Na6 18. Nxe6 Rfe8 19. Nxg7 Rxe7 20. Nf5 Rxe5 21. Nd6 Re7 22. Rfe1 Rxe1+ 23. Rxe1 Nc5 24. Nxf7+ Kg7 25. Ne5 Rf8 26. b4 Nd7 27. Nxd7 Bxf2+ 28. Kf1 Bxe1+ 29. Nxf8 Bxb4 30. Nd7 Bd6 31. Kf2 Kf7 32. h4 Ke7 33. Bh3 b6 34. h5 1-0

[Event "Bicaz City Cup 2020"]
[Site "Bicaz"]
[Date "2020.03.06"]
[Round "3.15"]
[White "Ciomaga, Andrei"]
[Black "Mintau, Andrei-Catalin"]
[Result "0-1"]
[ECO "A56"]
[WhiteElo "1430"]
[BlackElo "1984"]
[Annotator "ChessBase"]
[PlyCount "82"]
[EventDate "2020.03.05"]
[EventType "swiss"]
[EventCountry "ROU"]
[SourceTitle "playchess.com"]
[Source "ChessBase"]
[SourceQuality "1"]
[TimeControl "5400+30"]

1. d4 Nf6 2. c4 c5 3. e3 d6 4. Nf3 cxd4 5. exd4 e6 6. Nc3 Be7 7. Bd3 O-O 8. O-O b6 9. Bg5 Nbd7 10. Qe2 Bb7 11. b4 Re8 12. Rab1 Qc7 13. Rfc1 Rac8 14. a4 h6 15. Bh4 Qb8 16. Bg3 Qa8 17. Nb5 Bxf3 18. Qxf3 Qxf3 19. gxf3 e5 20. d5 a6 21. Nc3 Nh5 22. Ne2 Bg5 23. Rc3 g6 24. h4 Nxg3 25. fxg3 Bd2 26. Rc2 Be3+ 27. Kg2 f5 28. Nc3 Nf6 29. Re2 Bd4 30. Rc1 Bxc3 31. Rxc3 e4 32. fxe4 fxe4 33. Bb1 Nxd5 34. Rc1 Nxb4 35. Bxe4 Kg7 36. Kf3 d5 37. Bb1 Rxe2 38. Kxe2 dxc4 39. Ke3 c3 40. Bd3 c2 41. Kd2 Rd8 0-1

[Event "Bicaz City Cup 2020"]
[Site "Bicaz"]
[Date "2020.03.06"]
[Round "3.16"]
[White "Chiprian, Ionel"]
[Black "Toma, Stefan"]
[Result "1/2-1/2"]
[ECO "A05"]
[WhiteElo "1861"]
[BlackElo "1508"]
[Annotator "NA"]
[PlyCount "95"]
[EventDate "2020.03.05"]
[EventType "swiss"]
[EventCountry "ROU"]
[SourceTitle "playchess.com"]
[Source "ChessBase"]
[SourceQuality "1"]
[TimeControl "5400+30"]

1. Nf3 Nf6 2. c4 e6 3. Nc3 d5 4. d4 Be7 5. g3 b6 6. Bg2 Bb7 7. O-O {[%emt 0:00:42] E17: Queen's Indian: 4 g3 Bb7 5 Bg2 Be7.} Nbd7 8. b3 Rc8 {[%emt 0:02:07] [#]} 9. cxd5 $146 ({Predecessor:} 9. Bb2 O-O 10. Ne5 c5 11. e3 Ba6 12. Nb5 Bxb5 13. cxb5 Qc7 14. Nc6 Bd6 15. f4 Nb8 16. Nxb8 Rxb8 17. Rc1 Qd7 18. a4 {0-1 (56) Ngendo,J-Abera,Y (2201) Dresden 2008}) 9... Nxd5 10. Bb2 Nxc3 11. Bxc3 O-O 12. Bb2 c5 13. Qd3 Nf6 14. Rac1 cxd4 15. Qxd4 Qxd4 16. Nxd4 Bxg2 17. Kxg2 Bc5 18. e3 Nd5 19. a3 Bxd4 20. Bxd4 f6 21. Bb2 Rfd8 22. Kf3 Kf7 23. Rfd1 Rxc1 24. Rxc1 Rd7 25. e4 Nc7 26. Ke3 e5 27. f4 exf4+ 28. gxf4 g5 29. fxg5 fxg5 30. Rf1+ Kg6 31. Rf6+ Kh5 32. a4 Re7 {[%emt 0:04:54] [#]} 33. Kf3 (33. Ba3 $1 $16 Nd5+ 34. Kd4 Nxf6 35. Bxe7) 33... Rd7 34. Ke3 Re7 35. Kd3 Rd7+ 36. Kc4 Ne8 37. Re6 Nd6+ 38. Kc3 Rc7+ 39. Kd3 Nb7 40. b4 Nd8 $11 41. Rd6 Nf7 42. Re6 Rd7+ 43. Ke3 Nd6 44. Bc3 Nc4+ 45. Ke2 $14 Kg4 46. Rc6 Nd6 47. e5 Ne4 48. e6 1/2-1/2

[Event "Bicaz City Cup 2020"]
[Site "Bicaz"]
[Date "2020.03.06"]
[Round "3.17"]
[White "Saioc, David"]
[Black "Rangu, Daniel"]
[Result "1-0"]
[ECO "A36"]
[WhiteElo "1837"]
[BlackElo "1500"]
[Annotator "NA"]
[PlyCount "99"]
[EventDate "2020.03.05"]
[EventType "swiss"]
[EventCountry "ROU"]
[SourceTitle "playchess.com"]
[Source "ChessBase"]
[SourceQuality "1"]
[TimeControl "5400+30"]

1. c4 c5 2. Nc3 Nc6 3. g3 g6 4. Bg2 Bg7 5. e3 e6 6. Nge2 Nge7 7. d4 cxd4 8. exd4 d5 9. cxd5 exd5 10. O-O O-O 11. Bg5 {[%emt 0:05:02] A36: Symmetrical English vs ...g6: 4 Bg2 Bg7.} h6 12. Be3 Be6 {[%emt 0:03:01] [#]} 13. Nf4 $146 ({Predecessor:} 13. Qd2 Kh7 14. Nf4 Qd7 15. Rfe1 Rae8 16. a3 b6 17. Qd3 Na5 18. Nxe6 fxe6 19. Re2 {1-0 (69) Alefs,W (1609)-Smits,O (1712) Bad Sooden 2006}) 13... g5 14. Nxe6 fxe6 15. Bh3 Nf5 16. Ne2 Qd6 17. Qd2 Qb4 18. Qd3 Rae8 19. Rfd1 Nd6 20. b3 Qb5 21. Qd2 Ne4 22. Nc3 Nxc3 23. Qxc3 Qe2 24. Re1 Qh5 25. Bg2 g4 26. Rad1 Qf5 27. Bf4 Rc8 28. Qe3 Rfe8 29. Bxh6 Nb4 30. Bxg7 Kxg7 31. Qe5+ (31. Re2 $142) 31... Qxe5 32. Rxe5 Kg6 33. Rde1 Rc6 34. Bxd5 Nxd5 {[%emt 0:02:45] [#]} 35. Rxd5 $1 {[%emt 0:00:06] Pin} exd5 36. Rxe8 Rc1+ 37. Kg2 Rd1 38. Re7 Rxd4 39. Kf1 (39. Rxb7 $142 a6 40. Ra7) 39... Rd2 40. Rxb7 Rxa2 {[%emt 0:00:26] [#]} 41. Rb5 $2 ({White has to play} 41. Rb4 $1 $18) 41... Rb2 42. Rxd5 Rxb3 {[%emt 0:00:14] [#]} 43. Ra5 (43. Kg2 $1 $18 {is the precise move to win.}) 43... Rb7 44. Kg2 Rh7 45. Ra4 Kg5 46. Rf4 Rh6 47. f3 gxf3+ 48. Rxf3 Rf6 49. Rxf6 $18 Kxf6 50. Kf2 1-0

[Event "Bicaz City Cup 2020"]
[Site "Bicaz"]
[Date "2020.03.06"]
[Round "3.18"]
[White "Melinte, Rares-Andrei"]
[Black "Pascu, Mihai"]
[Result "1-0"]
[ECO "E10"]
[WhiteElo "1785"]
[BlackElo "1488"]
[Annotator "NA"]
[PlyCount "41"]
[EventDate "2020.03.05"]
[EventType "swiss"]
[EventCountry "ROU"]
[SourceTitle "playchess.com"]
[Source "ChessBase"]
[SourceQuality "1"]
[TimeControl "5400+30"]

1. d4 e6 2. c4 Nf6 3. Nf3 Be7 4. g3 d6 5. Bg2 Nbd7 6. O-O c6 7. Qc2 O-O 8. e4 Qc7 9. Re1 e5 10. Nc3 exd4 11. Nxd4 Ne5 12. b3 Re8 13. Nf5 Bf8 14. Bg5 Ned7 15. Rad1 g6 16. Nd4 Bg7 17. Bf4 Ne5 18. Bc1 a6 19. h3 Be6 20. f4 c5 21. Nxe6 1-0

[Event "Bicaz City Cup 2020"]
[Site "Bicaz"]
[Date "2020.03.06"]
[Round "3.19"]
[White "Hejja, Adam-Peter"]
[Black "Covrig, Larisa-Raluca"]
[Result "1-0"]
[ECO "A01"]
[WhiteElo "1356"]
[BlackElo "1779"]
[Annotator "NA"]
[PlyCount "57"]
[EventDate "2020.03.05"]
[EventType "swiss"]
[EventCountry "ROU"]
[SourceTitle "playchess.com"]
[Source "ChessBase"]
[SourceQuality "1"]
[TimeControl "5400+30"]

1. b3 d5 2. Bb2 Bf5 3. g3 e6 4. Bg2 Nf6 5. d3 c5 6. e3 Nc6 7. Nd2 Bg6 8. Ne2 Be7 9. O-O O-O 10. h3 e5 11. f4 exf4 12. exf4 Bf5 13. g4 Bc8 14. Ng3 d4 15. Nde4 Nd5 16. Bc1 a5 17. Bd2 Re8 18. g5 Bd6 19. Qh5 Ncb4 20. Nxd6 Qxd6 21. Ne4 Qc7 22. Bxb4 axb4 23. g6 Bf5 24. Qxf5 Ne3 25. gxf7+ Qxf7 26. Qxf7+ Kxf7 27. Nd6+ Ke7 28. Nxe8 Nxf1 29. Rxf1 1-0

[Event "Bicaz City Cup 2020"]
[Site "Bicaz"]
[Date "2020.03.06"]
[Round "3.20"]
[White "Toma, Adrian-Robert"]
[Black "Arghirescu, Marius"]
[Result "0-1"]
[ECO "A17"]
[WhiteElo "2157"]
[BlackElo "1759"]
[Annotator "ChessBase"]
[PlyCount "68"]
[EventDate "2020.03.05"]
[EventType "swiss"]
[EventCountry "ROU"]
[SourceTitle "playchess.com"]
[Source "ChessBase"]
[SourceQuality "1"]
[TimeControl "5400+30"]

1. c4 Nf6 2. Nc3 e6 3. g3 d5 4. cxd5 exd5 5. e3 c6 6. Bg2 Bd6 7. Nge2 O-O 8. O-O Na6 9. d4 Bf5 10. a3 Qd7 11. f3 Bh3 12. Nf4 Bxf4 13. exf4 Bxg2 14. Kxg2 Rfe8 15. Bd2 Nc7 16. Qc2 Ne6 17. Qd3 Qc7 18. Rfe1 Qb6 19. Na4 Qxd4 20. Qxd4 Nxd4 21. Bc3 Nc2 22. Rxe8+ Rxe8 23. Rc1 Re2+ 24. Kh3 d4 25. Bb4 b6 26. Bd6 Nd5 27. Bb8 Re6 28. Bxa7 Nce3 29. g4 Nxf4+ 30. Kh4 Rh6+ 31. Kg3 Ne2+ 32. Kf2 Rxh2+ 33. Ke1 Nxc1 34. Nc3 dxc3 0-1

[Event "Bicaz City Cup 2020"]
[Site "Bicaz"]
[Date "2020.03.07"]
[Round "4.13"]
[White "Hejja, Adam-Peter"]
[Black "Cimpoiasu, Dan"]
[Result "0-1"]
[ECO "C18"]
[WhiteElo "1356"]
[BlackElo "1884"]
[Annotator "NA RC"]
[PlyCount "76"]
[EventDate "2020.03.05"]
[EventType "swiss"]
[EventCountry "ROU"]
[SourceTitle "playchess.com"]
[Source "ChessBase"]
[SourceQuality "1"]
[TimeControl "5400+30"]

1. e4 e6 2. d4 d5 3. Nc3 Bb4 4. e5 c5 5. a3 Bxc3+ 6. bxc3 Ne7 7. Be2 O-O 8. f4 b6 9. Nf3 Ba6 10. Bxa6 Nxa6 11. O-O Nb8 12. Qe1 Nbc6 13. g4 Rc8 14. Ra2 Qd7 15. Qh4 f5 16. g5 Na5 17. Qg3 cxd4 18. cxd4 Rc6 19. Bd2 Nc4 20. Rc1 Rfc8 21. Be1 Qc7 22. h4 Ne3 23. c3 b5 24. Nh2 Nc4 25. Rb1 Qa5 26. Rba1 Nb6 27. c4 Qa4 28. c5 Nc4 29. Bb4 R6c7 30. h5 Nc6 31. Qc3 a5 32. Nf3 axb4 33. axb4 Qxb4 34. Qxb4 Nxb4 35. Ra8 Nd3 36. Rxc8+ Rxc8 37. g6 hxg6 38. hxg6 Nxf4 0-1

[Event "Bicaz City Cup 2020"]
[Site "Bicaz"]
[Date "2020.03.07"]
[Round "5.16"]
[White "Madin, Ovidiu-Andrei"]
[Black "Ienasoaie, Rafael"]
[Result "0-1"]
[ECO "B90"]
[WhiteElo "1687"]
[BlackElo "1883"]
[Annotator "NA RC"]
[PlyCount "102"]
[EventDate "2020.03.05"]
[EventType "swiss"]
[EventCountry "ROU"]
[SourceTitle "playchess.com"]
[Source "ChessBase"]
[SourceQuality "1"]
[TimeControl "5400+30"]

1. e4 c5 2. Nf3 d6 3. d4 cxd4 4. Nxd4 Nf6 5. Nc3 a6 6. a4 e5 7. Nf5 Bxf5 8. exf5 d5 9. Qe2 Nc6 10. g4 d4 11. Ne4 Nxe4 12. Qxe4 $17 Be7 13. Bc4 Qd6 14. O-O g5 15. fxg6 Qxg6 16. Qxg6 hxg6 17. c3 f5 18. cxd4 Nxd4 19. Be3 Nf3+ 20. Kg2 fxg4 21. Rh1 Rh3 22. Be6 Nh4+ 23. Kf1 Nf5 24. Bb6 Bd6 25. Bd5 Ke7 26. Rg1 Rh4 27. Re1 Kf6 28. Re4 Nh6 29. f3 Rxh2 30. Rexg4 Nxg4 31. Rxg4 Rxb2 32. Be3 Rh8 33. Kg1 Re2 34. Bf2 Rc8 35. Kf1 Rd2 36. Bh4+ Kg7 37. Bc4 b5 38. axb5 axb5 39. Be2 Rcc2 40. Re4 b4 41. Be1 Rc1 42. Rc4 Rxc4 43. Bxc4 Rc2 44. Bb3 Rb2 45. Bd5 b3 46. f4 Rb1 47. Ke2 b2 48. Be4 Ra1 49. Bc3 b1=Q 50. Bxb1 Rxb1 51. fxe5 Be7 0-1